 Dungeon Crawl Stone Soup version 0.28.0-45-g0d030f2227 (webtiles) character file.

Game seed: 4269876161168168951

3122 Doot the Covert (level 9, -4/60 (61) HPs)
             Began as a Vampire Enchanter on Apr 10, 2022.
             Was an Initiate of Sif Muna.
             Slain by a two-headed ogre
             ... wielding a +0 giant spiked club
              (23 damage)
             ... on level 8 of the Dungeon.
             The game lasted 00:18:05 (10070 turns).

Doot the Covert (Vampire Enchanter)                Turns: 10070, Time: 00:18:05

HP:   -4/60 (61)    AC:  8    Str:  7    XL:     9   Next: 60%
MP:   16/16         EV: 14    Int: 22    God:    Sif Muna [......]
Gold: 293           SH:  0    Dex: 14    Spells: 8/17 levels left

rFire   . . .      SeeInvis +   o - +2 dagger (venom)
rCold   . . .      Faith    .   (no shield)
rNeg    . . .      Spirit   .   b - +0 robe
rPois   .          Reflect  .   (no helmet)
rElec   .          Harm     .   N - +1 cloak
rCorr   .          Rampage  .   j - +1 Delatra's gloves {ID++}
Will    .....                   I - +1 pair of boots
Stlth   +++++.....              (no amulet)
HPRegen 0.40/turn               E - ring of flight
MPRegen 0.15/turn               (no ring)

@: mighty, flying, healing quickly, slowed, lightly drained, very slow
A: alive, fangs 3, see invisible, vampiric 2
a: Exsanguinate, Renounce Religion


You were on level 8 of the Dungeon.
You worshipped Sif Muna.
Sif Muna was noncommittal.
You visited 2 branches of the dungeon, and saw 9 of its levels.
You also visited: Ossuary.

You collected 293 gold pieces.

Inventory:

Hand Weapons
 a - a +1 dagger
 d - a +0 short sword
 o - a +2 dagger of venom (weapon)
 s - the +1 falchion of Unreason {venom, rC+}
   (You found it on level 4 of the Dungeon)

   It poisons the flesh of those it strikes.
   rC:        It protects you from cold.
 A - the +4 broad axe "Dragonslayer" {vorpal, Fragile rElec rF+ Int+4}
   (You found it on level 4 of the Dungeon)

   It inflicts extra damage upon your enemies.
   Int:       It affects your intelligence (+4).
   rF:        It protects you from fire.
   rElec:     It insulates you from electricity.
   Fragile:   It will be destroyed if unequipped.
 K - a +1 short sword of electrocution
Missiles
 i - 3 poisoned darts
Armour
 b - a +0 robe (worn)
 h - a +0 cloak
 j - the +1 Delatra's gloves (worn) {ID++}
   (You found it on level 2 of the Dungeon)

   It heals its wearer when they drink unknown potions.
   It restores its wearer's MP when they read unknown scrolls.
 I - a +1 pair of boots (worn)
 J - the +2 ring mail of Ignis's Inspiration {rElec}
   (You found it on level 7 of the Dungeon)

   rElec:     It insulates you from electricity.
 N - a +1 cloak (worn)
Magical Staves
 M - a staff of air
Jewellery
 E - a ring of flight (left hand)
Wands
 p - a wand of iceblast (12)
 C - a wand of flame (34)
Scrolls
 e - 5 scrolls of identify {unknown}
 f - 2 scrolls of enchant armour {unknown}
 g - 3 scrolls of magic mapping {unknown}
 m - 6 scrolls of noise
 n - 6 scrolls of teleportation {unknown}
 q - 4 scrolls of vulnerability {unknown}
 r - a scroll of brand weapon {unknown}
 w - 4 scrolls of blinking {unknown}
 y - 2 scrolls of amnesia {unknown}
 z - 3 scrolls of immolation
 B - a scroll of fear {unknown}
 D - a scroll of enchant weapon {unknown}
 F - 2 scrolls of acquirement {unknown}
 G - a scroll of summoning {unknown}
 H - 2 scrolls of torment {unknown}
Potions
 c - 2 potions of invisibility
 k - 5 potions of mutation
 l - 5 potions of curing
 t - a potion of magic {unknown}
 u - 4 potions of might
 v - 2 potions of ambrosia {unknown}
 x - a potion of brilliance {unknown}
 L - a potion of heal wounds
 O - a potion of resistance


   Skills:
 + Level 2.1 Fighting
 + Level 5.3 Short Blades
 + Level 4.9 Dodging
 + Level 11.7 Stealth
 + Level 4.9 Spellcasting
 + Level 8.5 Hexes
 * Level 5.1 Necromancy
 + Level 3.2 Ice Magic


You had 8 spell levels left.
You knew the following spells:

 Your Spells              Type           Power      Damage    Failure   Level
a - Ensorcelled Hibernat  Hex/Ice        62%        N/A       1%          2
b - Confusing Touch       Hex            42%        N/A       1%          3
c - Animate Dead          Necr           13%        N/A       13%         4

Your spell library contained the following spells:

 Spells                   Type           Power      Damage    Failure   Level
 Pain                     Necr           100%       1d9       1%          1
 Sublimation of Blood     Necr           27%        N/A       1%          2
 Tukima's Dance           Hex            42%        N/A       1%          3
 Dazzling Flash           Conj/Hex       48%        N/A       5%          3
 Wereblood                Tmut           5%         N/A       16%         2
 Agony                    Necr           27%        N/A       34%         5
 Excruciating Wounds      Necr           13%        N/A       34%         5
 Haunt                    Necr/Summ      8%         N/A       100%        7
 Summon Hydra             Summ           2%         N/A       100%        7
 Infestation              Necr           13%        N/A       100%        8


Dungeon Overview and Level Annotations

Branches:
Dungeon (8/15)             Temple (1/1) D:7         Ossuary (visited)
   Lair: D:8-11

Altars:
Ashenzari
Cheibriados
Dithmenos
Elyvilon
Fedhas
Gozag
Hepliaklqana
Kikubaaqudgha
Makhleb
Nemelex Xobeh
Okawaru
Ru
Sif Muna
Trog
Vehumet
Wu Jian
Xom
Yredelemnul
Zin
The Shining One


Innate Abilities, Weirdness & Mutations

Your natural rate of healing is accelerated.
You have razor-sharp teeth.
You have supernaturally acute eyesight. (SInv)
You are afflicted with vampirism and can become a bat while bloodless.


Message History

You feel very sick.
You feel very sick.
You feel very sick.
You feel sick.
You feel sick.
The two-headed ogre hits you with a +0 giant spiked club!
The two-headed ogre barely misses you.
You feel sick.
The kobold brigand throws a curare-tipped dart.
The curare-tipped dart hits you.
You are more poisoned.
You have difficulty breathing.
You feel as though you will be slow longer.
You feel very sick.
The kobold throws a stone.
The stone hits you but does no damage.
You feel very sick.
The kobold throws a stone.
The stone barely misses you. The two-headed ogre barely misses you.
The two-headed ogre misses you.
You feel sick.
A kobold comes into view. It is wielding a +0 dagger.
You feel sick.
A centaur comes into view.
The centaur moves out of view.
Unknown command.
Unknown command.
Unknown command.
Unknown command.
It was a potion of might.
You feel very mighty all of a sudden.
The energy of discovery flows from your fingertips!
You feel much better.
You feel sick.
The two-headed ogre hits you with a +0 giant spiked club!!
The two-headed ogre closely misses you.
You feel sick.
You are no longer poisoned.
The two-headed ogre barely misses you.
The two-headed ogre hits you with a +0 giant club!
There is a stone staircase leading up here.
The two-headed ogre hits you with a +0 giant spiked club!!
You die...

.#............
...รท<........... .. ##
#...##.........# .###..
...##...........# #......
............##. .#.......
.......#....##. .........
.......##.#...###........
....#........KKO.........
.(.###..##.##.##@...##..#
..## #......K####........
..# #..................#
## #....K##.##.......##
##...###...#...c....
######..### #...#........
#...#.....#####......#...
#...#......# #......#...
#.......).#####.........#


You could see a two-headed ogre, a kobold brigand, a centaur (wandering) and a
kobold.

Vanquished Creatures
  A wraith (D:7)
  An acid dragon (D:8)
  3 water moccasins
  An orc warrior (D:5)
  A black bear (D:5)
  An ice beast (D:6)
  3 necrophages
  2 centaurs (D:7)
  2 bullfrogs
  3 scorpions (D:5)
  A wyvern zombie (D:7)
  3 water moccasin zombies
  5 wights (D:7)
  2 howler monkeys (D:4)
  2 centaur zombies
  A jelly (D:4)
  4 hounds
  A centaur skeleton (D:7)
  A gnoll shaman (D:5)
  A human zombie (Ossuary)
  An orc priest (D:7)
  Crazy Yiuf (D:3)
  A bullfrog skeleton (D:4)
  2 iguanas (D:5)
  4 scorpion zombies (D:4)
  Ijyb (D:3)
  Terence (D:3)
  4 orc wizards
  Natasha (thrice) (D:3)
  2 hound zombies (D:4)
  2 mummies (Ossuary)
  5 gnolls (D:5)
  2 howler monkey zombies
  5 adders
  2 white imps
  An ufetubus (D:4)
  3 adder zombies
  21 orcs
  8 endoplasms
  3 giant cockroaches
  A gnoll zombie (Ossuary)
  9 goblins
  6 hobgoblins
  4 jackals (D:2)
  9 kobolds
  3 quokkas
  12 ball pythons
  3 bats
  3 frilled lizards
  2 goblin zombies (Ossuary)
  3 kobold zombies (Ossuary)
  7 rats
173 creatures vanquished.

Vanquished Creatures (others)
  4 withered plants (D:4)
4 creatures vanquished.

Grand Total: 177 creatures vanquished

Notes
Turn   | Place    | Note
-------+----------+-------------------------------------------
     0 | D:1      | Doot the Vampire Enchanter began the quest for the Orb.
     0 | D:1      | Reached XP level 1. HP: 13/13 MP: 3/3
   668 | D:1      | Reached XP level 2. HP: 15/19 MP: 5/5
   824 | D:1      | Learned a level 2 spell: Ensorcelled Hibernation
   942 | D:2      | Reached skill level 5 in Stealth
  1055 | D:2      | Found a faded altar of an unknown god.
  1517 | D:1      | Gained mutation: You are afflicted with vampirism and can
                  | become a bat while bloodless. [Vampire growth]
  1517 | D:1      | Reached XP level 3. HP: 13/24 MP: 0/6
  1589 | D:1      | Learned a level 3 spell: Confusing Touch
  1901 | D:2      | Found the +1 Delatra's gloves {ID++}
  2121 | D:2      | Reached XP level 4. HP: 30/30 MP: 7/7
  2263 | D:3      | Noticed Ijyb
  2276 | D:3      | Killed Ijyb
  2280 | D:3      | Noticed Terence
  2310 | D:3      | Killed Terence
  2311 | D:3      | Reached skill level 6 in Stealth
  2311 | D:3      | Reached skill level 5 in Hexes
  2516 | D:4      | Reached XP level 5. HP: 32/35 MP: 5/8
  2666 | D:4      | Reached skill level 1 in Ice Magic
  2697 | D:4      | Reached XP level 6. HP: 36/42 MP: 2/10
  2703 | D:4      | Identified the +1 falchion of Unreason {venom, rC+}
  2727 | D:4      | Reached skill level 7 in Stealth
  2787 | D:4      | Found a sand-covered staircase.
  2791 | Ossuary  | Entered an ossuary
  3166 | D:4      | Reached XP level 7. HP: 44/47 MP: 5/11
  3272 | D:4      | Reached skill level 8 in Stealth
  3425 | D:4      | Identified the +4 broad axe "Dragonslayer" {vorpal, Fragile
                  | rElec rF+ Int+4}
  3444 | D:4      | Reached skill level 1 in Fighting
  3593 | D:4      | Learned a level 4 spell: Animate Dead
  3968 | D:5      | Entered Level 5 of the Dungeon
  3972 | D:5      | Reached skill level 1 in Necromancy
  4197 | D:5      | Reached XP level 8. HP: 44/54 MP: 9/13
  4210 | D:5      | Reached skill level 9 in Stealth
  5484 | D:6      | Reached skill level 10 in Stealth
  5774 | D:6      | Found a radiant altar of Vehumet.
  5880 | D:7      | Reached XP level 9. HP: 61/61 MP: 12/15
  5916 | D:7      | Reached skill level 5 in Short Blades
  6143 | D:7      | Reached skill level 11 in Stealth
  6352 | D:7      | Identified the +2 ring mail of Ignis's Inspiration {rElec}
  7098 | D:7      | Found a staircase to the Ecumenical Temple.
  7228 | Temple   | Entered the Ecumenical Temple
  7310 | Temple   | Became a worshipper of Sif Muna the Loreminder
  8311 | D:3      | Noticed Natasha
  8324 | D:3      | Killed Natasha
  8493 | D:3      | Noticed Natasha
  8503 | D:3      | Killed Natasha
  8549 | D:3      | Noticed Natasha
  8557 | D:3      | Killed Natasha
  8689 | D:3      | Found a runed translucent door.
  8690 | D:3      | Noticed Crazy Yiuf
  9049 | D:3      | Killed Crazy Yiuf
  9906 | D:7      | Reached skill level 5 in Necromancy
 10048 | D:8      | Noticed a two-headed ogre
 10070 | D:8      | Slain by a two-headed ogre

Illustrated notes

Levels and vault maps discovered:
D:1:      saegor_arrival_simple_b, layout_loops_corners
D:2:      layout_basic, hellmonk_ecumenical_altar_zigzags,
          pf_guarded_unrand_delatra
D:3:      layout_basic, minmay_misc_feat_doors, uniq_terence, uniq_natasha,
          uniq_ijyb, uniq_crazy_yiuf_cottage
D:4:      layout_cave_pools, serial_undead, serial_undead_c, serial_undead_d,
          serial_undead_b, serial_undead_f, nicolae_ossuary_entry_plus
D:5:      layout_cave_pools, kennysheep_small_spiral
D:6:      layout_gridville, mainiacjoe_overflow_alcove_4
D:7:      layout_loops_corners, mainiacjoe_overflow_two_lobes, temple_hall,
          minivault_1
D:8:      layout_cave_pools, roderic_roman_lattice, minmay_manual_monolith
Temple:   regret_index_temple_mists

Skill      XL: |  1  2  3  4  5  6  7  8  9 |
---------------+----------------------------+-----
Stealth        | 5 6 7 8 10 11 | 11.7
Dodging        | 3 4 |  4.9
Short Blades   | 2 3 4 5 |  5.3
Hexes          | 5 6 7 8 |  8.5
Ice Magic      | 1 2 3 |  3.2
Spellcasting   | 3 4 |  4.9
Fighting       | 1 2 |  2.1
Necromancy     | 1 3 5 |  5.1

Action                   |  1- 3 |  4- 6 |  7- 9 || total
-------------------------+-------+-------+-------++-------
Melee: Dagger            |    86 |   160 |   317 ||   563
       Bite              |     7 |    16 |    49 ||    72
       Short sword       |     1 |       |       ||     1
       Punch             |       |     4 |     3 ||     7
 Cast: Ensorcelled Hiber |    20 |    10 |    57 ||    87
       Confusing Touch   |       |    10 |    22 ||    32
  Use: Potion            |       |       |     3 ||     3
 Stab: Sleeping          |    18 |    14 |    44 ||    76
       Confused          |       |     9 |    19 ||    28
       Distracted        |       |       |     1 ||     1
Armor: Robe              |    22 |    41 |    75 ||   138
Dodge: Dodged            |    59 |    99 |   193 ||   351
